 Dungeon Crawl Stone Soup version 0.31.0-11-ge490571c62 (webtiles) character file.

Game seed: 15892580994960620057

273 oldmanjim the Trooper (level 6, 0/49 HPs)
             Began as a Djinni Monk on Jan 27, 2024.
             Slain by an orc priest
             ... wielding a +0 club
              (3 damage)
             ... on level 4 of the Dungeon.
             The game lasted 00:14:34 (2243 turns).

oldmanjim the Trooper (Djinni Monk)                 Turns: 2243, Time: 00:14:37

Health: 0/49       AC:  3    Str: 16    XL:     6   Next: 48%
Gold:   78         EV: 13    Int: 14    God:
                   SH:  0    Dex: 15

rFire   + + +        a - +0 short sword
rCold   x . .        d - orb {light}
rNeg    . . .        A - +1 robe of the Trout {Rampage rF+}
rPois   ∞            (no helmet)
rElec   .            (no cloak)
rCorr   .            (no gloves)
SInv    .            (boots unavailable)
Will    +....        (no amulet)
Stlth   +            z - +6 ring of strength
HPRegen 0.28/turn    y - ring of willpower
MPRegen 0.00/turn

%: rampage, infuse magic (-1 HP)
@: flying, glowing
A: sickness immunity, fire resistance 2, cold vulnerability 1, float, innate
caster, HP casting, extra vitality 1
a: no special abilities


You were on level 4 of the Dungeon.
You visited 1 branch of the dungeon, and saw 4 of its levels.

You collected 162 gold pieces.
You spent 84 gold pieces at shops.

Inventory:

Hand Weapons
 a - a +0 short sword (weapon)
Missiles
 f - 30 stones (quivered)
 q - 4 atropa-tipped darts
 x - 5 poisoned darts
Armour
 b - a +0 robe
 d - an orb of light (worn)
 A - the +1 robe of the Trout (worn) {Rampage rF+}
   (You found it on level 4 of the Dungeon)

   rF+:       It protects you from fire.
   Rampage:   It bestows one free step when moving towards enemies.
Jewellery
 e - a ring of resist corrosion
 p - a ring of fire
 y - a ring of willpower (right hand)
 z - a +6 ring of strength (left hand)
Wands
 B - a wand of paralysis (8)
Scrolls
 g - a scroll of silence {unknown}
 i - a scroll of torment {unknown}
 k - a scroll of blinking {unknown}
 l - a scroll of enchant weapon {unknown}
 m - 3 scrolls of identify {unknown}
 n - a scroll of brand weapon {unknown}
 o - 2 scrolls of enchant armour {unknown}
 t - 4 scrolls of teleportation {unknown}
 u - a scroll of amnesia {unknown}
Potions
 c - a potion of ambrosia
 h - a potion of attraction {unknown}
 j - 2 potions of haste {unknown}
 r - 2 potions of curing
 s - a potion of brilliance
 v - a potion of enlightenment {unknown}
 w - a potion of resistance {unknown}
 C - a potion of cancellation {unknown}


   Skills:
 - Level 5.0 Fighting
 - Level 3.0 Short Blades
 - Level 4.0 Dodging
 + Level 2.7 Spellcasting
 + Level 2.7 Conjurations
 + Level 2.7 Hexes
   Level 0.0 Charms
 + Level 2.7 Summonings
 + Level 2.7 Necromancy
 + Level 2.7 Translocations
   Level 0.0 Transmutations
 + Level 2.7 Fire Magic
 + Level 2.7 Ice Magic
 + Level 2.7 Air Magic
 + Level 2.7 Earth Magic
 + Level 2.7 Alchemy


You knew the following spells:

 Your Spells              Type           Power      Damage    Failure   Level
a - Slow                  Hex            36%        N/A       8%          1
b - Mercury Vapours       Alch/Air       18%        N/A       11%         2
Your spell library was empty.

Dungeon Overview and Level Annotations

Branches:
Dungeon (4/15)
 Temple: D:4-7

Altars:
Ashenzari
Hepliaklqana
Qazlal
Ru
Wu Jian
Xom

Shops:
D:3 [*![


Innate Abilities, Weirdness & Mutations

You are immune to sickness and miasma.
You are immune to poison.
Your flesh is very heat resistant. (rF++)
You are vulnerable to cold. (rC-)
You float through the air rather than walking.
You learn spells naturally, not from books.
Your magical power is your life essence.
You have superior vitality. (+4 MHP)


Message History

You hit the hound but do no damage.
The hound is moderately wounded.
The hound closely misses you. The hound bites you.
You hit the hound.
The hound is severely wounded.
The hound bites you.
You are too injured to fight recklessly!
You are too injured to fight recklessly!
You are too injured to fight recklessly!
You hit the hound.
The hound is severely wounded.
The hound bites you but does no damage.
You hit the hound.
You kill the hound!
Training target 5.0 for Fighting reached!
Your Fighting skill increases to level 5!
You hit the orc priest.
The orc priest is lightly wounded.
The orc priest completely misses you.
You hit the orc priest.
The orc priest is moderately wounded.
You hit the orc priest.
The orc priest is heavily wounded.
The orc priest invokes the aid of Beogh against you.
Beogh smites you!
* * * LOW HITPOINT WARNING * * *
You barely miss the orc priest.
The orc priest is moderately wounded.
The orc priest closely misses you.
You hit the orc priest.
The orc priest is heavily wounded.
The orc priest calls down the wrath of Beogh upon you.
Beogh smites you!
* * * LOW HITPOINT WARNING * * *
Aiming: Paralyse
Press: ? - help, Shift-Dir - straight line, f - orc priest
Aim: an orc priest, wielding a +0 club (heavily wounded, haloed, chance to affect: 49%)
The orc priest resists with some effort.
The orc priest hits you with a +0 club.
You die...

.... ..# #..# #..#..... #.#
####..####.#...... .
................[. ..
#..........#...... ..o
...........#...... ..o.
#..........#...... .....##
#######....#......
.......#########.........##.....
#...†....o@.........###....
###########....)....# #####
#.........# ###########


You could see an orc priest.

Vanquished Creatures
  A black bear (D:4)
  A phantom (D:4)
  A hound (D:4)
  2 adders (D:2)
  2 dart slugs
  2 orcs (D:4)
  3 ball pythons
  6 endoplasms
  A giant cockroach (D:2)
  5 goblins
  5 hobgoblins
  2 jackals (D:3)
  4 quokkas
  5 bats
  5 frilled lizards
  4 kobolds (D:3)
  3 rats
52 creatures vanquished.

Notes
Turn   | Place    | Note
-------+----------+-------------------------------------------
     0 | D:1      | oldmanjim the Djinni Monk began the quest for the Orb.
     0 | D:1      | Reached XP level 1. HP: 20/20 MP: 0/0
   333 | D:1      | Found a faded altar of an unknown god.
   476 | D:2      | Reached XP level 2. HP: 25/25 MP: 0/0
   629 | D:2      | Reached XP level 3. HP: 28/30 MP: 0/0
   629 | D:2      | Learned a level 1 spell: Slow
  1081 | D:3      | Found Mumabaun's Distillery.
  1088 | D:3      | Found Mammoyru's Assorted Antiques.
  1091 | D:3      | Bought a potion of curing for 36 gold pieces
  1091 | D:3      | Bought a potion of brilliance for 48 gold pieces
  1106 | D:3      | Noticed an animated storm dragon scales
  1112 | D:3      | Found Langeudd's Armour Boutique.
  1114 | D:3      | Noticed an animated pearl dragon scales
  1118 | D:3      | Reached skill level 1 in Spellcasting
  1118 | D:3      | Reached skill level 1 in Conjurations
  1118 | D:3      | Reached skill level 1 in Hexes
  1118 | D:3      | Reached skill level 1 in Summonings
  1118 | D:3      | Reached skill level 1 in Necromancy
  1118 | D:3      | Reached skill level 1 in Translocations
  1118 | D:3      | Reached skill level 1 in Fire Magic
  1118 | D:3      | Reached skill level 1 in Ice Magic
  1118 | D:3      | Reached skill level 1 in Air Magic
  1118 | D:3      | Reached skill level 1 in Earth Magic
  1118 | D:3      | Reached skill level 1 in Alchemy
  1118 | D:3      | Reached XP level 4. HP: 34/35 MP: 0/0
  1565 | D:3      | Found a sacrificial altar of Ru.
  1567 | D:3      | Found an ornate altar of the Wu Jian Council.
  1569 | D:3      | Found a stormy altar of Qazlal.
  1569 | D:3      | Found a broken altar of Ashenzari.
  1569 | D:3      | Found a hazy altar of Hepliaklqana.
  1572 | D:3      | Found a shimmering altar of Xom.
  1653 | D:3      | Found Ehurywod's Antique Armour Shop.
  1835 | D:4      | Noticed a phantom
  1864 | D:4      | Killed a phantom
  1865 | D:4      | Reached skill level 4 in Fighting
  1865 | D:4      | Reached XP level 5. HP: 23/41 MP: 0/0
  1865 | D:4      | Learned a level 2 spell: Mercury Vapours
  1873 | D:4      | Identified the +1 robe of the Trout {Rampage rF+}
  2186 | D:4      | Noticed a black bear
  2203 | D:4      | Killed a black bear
  2204 | D:4      | Reached XP level 6. HP: 49/49 MP: 0/0
  2238 | D:4      | Reached skill level 5 in Fighting
  2243 | D:4      | Slain by an orc priest

Illustrated notes

Levels and vault maps discovered:
D:1:      elethiomel_arrival_shortcut, layout_rooms,
          hellmonk_ecumenical_altar_heavens_door
D:2:      layout_basic, minmay_quadrilaterals
D:3:      layout_basic, minitemple, serial_shops, nicolae_shop_mannequins, shop,
          nicolae_shop_back_alley_shop, shop, grunt_decor_cap
D:4:      layout_rooms, kennysheep_nub, dk_rats_in_the_wall

Skill      XL: |  1  2  3  4  5  6 |
---------------+-------------------+-----
Short Blades   | 3 |  3.0
Dodging        | 4 |  4.0
Spellcasting   | 1 2 |  2.7
Conjurations   | 1 2 |  2.7
Hexes          | 1 2 |  2.7
Summonings     | 1 2 |  2.7
Necromancy     | 1 2 |  2.7
Translocations | 1 2 |  2.7
Fire Magic     | 1 2 |  2.7
Ice Magic      | 1 2 |  2.7
Air Magic      | 1 2 |  2.7
Earth Magic    | 1 2 |  2.7
Alchemy        | 1 2 |  2.7
Fighting       | 4 5 |  5.0

Action                     |  1- 3 |  4- 6 || total
---------------------------+-------+-------++-------
  Melee: Short sword       |    93 |   129 ||   222
  Throw: Stone             |       |     1 ||     1
   Cast: Slow              |       |     2 ||     2
  Evoke: Wand              |       |     3 ||     3
   Stab: Paralysed         |       |     6 ||     6
 Armour: Robe              |    33 |    55 ||    88
  Dodge: Dodged            |    59 |    61 ||   120
